 Dungeon Crawl Stone Soup version 0.17-a0-1798-g879a7aa (webtiles) character file.

13219 KambridgeKobold the Protected (level 11, -9/92 HPs)
             Began as a Minotaur Fighter on Sept 10, 2015.
             Was a High Priest of Okawaru.
             Shot with an arrow by a centaur warrior (15 damage)
             ... on level 12 of the Dungeon.
             The game lasted 00:39:40 (11856 turns).

KambridgeKobold the Protected (Minotaur Fighter)   Turns: 11856, Time: 00:39:41

Health: -9/92      AC: 23    Str: 24    XL:     11   Next: 72%
Magic:  23/23      EV:  7    Int:  8    God:    Okawaru [*****.]
Gold:   681        SH: 13    Dex: 15    Spells: 0 memorised, 10 levels left

rFire  + . .     SeeInvis .     G - +0 scimitar
rCold  . . .     Clarity  .     q - +0 plate armour of Naam {rPois Str+3} (curse)
rNeg   . . .     SustAt   .     c - +0 shield
rPois  +         Gourm    .     (helmet unavailable)
rElec  .         Spirit   .     j - +0 cloak {rPois}
rCorr  +         Warding  .     S - +1 pair of gloves {Dex+3}
rMut   .         Stasis   .     O - +2 pair of boots {run}
MR     .....                    k - amulet of resist corrosion
Stlth  ..........               Z - ring of magical power
                                t - ring of protection from fire

@: quick, not resistant to hostile enchantments, extremely unstealthy
A: retaliatory headbutt, horns 3, clever 1
a: Heroism, Finesse, Renounce Religion


You were on level 12 of the Dungeon.
You worshipped Okawaru.
Okawaru was extremely pleased with you.
You were hungry.

You visited 2 branches of the dungeon, and saw 13 of its levels.
You also visited: Sewer.

You collected 780 gold pieces.
You spent 99 gold pieces at shops.

Inventory:

Hand weapons
 l - a +3 falchion of protection
 y - a +1 long sword
 G - a +0 scimitar (weapon)
Missiles
 m - 8 tomahawks (quivered)
Armour
 c - a +0 shield (worn)
 j - a +0 cloak of poison resistance (worn)
 q - the cursed +0 plate armour of Naam (worn) {rPois Str+3}
   (You found it on level 10 of the Dungeon)

   It affects your strength (+3).
   It protects you from poison.
   It has a curse placed upon it.
 C - a +0 chain mail
 K - a +0 plate armour
 M - a +3 chain mail
 O - a +2 pair of boots of running (worn)
 S - a +1 pair of gloves of dexterity (worn)
 U - a +2 buckler
Jewellery
 k - an amulet of resist corrosion (around neck)
 t - a ring of protection from fire (left hand)
 W - an uncursed ring of stealth
 Y - an uncursed ring of ice
 Z - a ring of magical power (right hand)
Magical devices
 g - a wand of fire (6)
 i - a wand of cold (7)
 u - a wand of hasting (7)
 A - a wand of frost (9)
 E - a wand of random effects (19)
 H - a wand of flame (1)
 T - a wand of hasting (7)
 X - a wand of lightning (5)
Scrolls
 a - a scroll of teleportation
 n - a scroll of summoning
 o - 5 scrolls of remove curse
 s - 3 scrolls of amnesia
 w - a scroll of random uselessness {unknown}
 F - 2 scrolls of magic mapping {unknown}
 J - a scroll of enchant weapon
 L - a scroll of fog {unknown}
 N - a scroll of identify
 P - a scroll of brand weapon {unknown}
 R - a scroll of immolation {unknown}
Potions
 d - 2 potions of might
 h - 6 potions of flight
 r - 2 potions of brilliance
 x - 2 potions of heal wounds
 z - 3 potions of curing
 B - a potion of agility {unknown}
Books
 Q - a book of Alchemy

   Spells                             Type                      Level
   a - Sublimation of Blood           Necromancy                   2
   b - Ignite Poison                  Fire/Transmutation/Poison    3
   c - Alistair's Intoxication        Transmutation/Poison         4
   d - Condensation Shield            Ice                          4
   e - Petrify                        Transmutation/Earth          4
   f - Irradiate                      Conjuration/Transmutation    5
Comestibles
 e - 7 bread rations
 f - 2 beef jerkies
 p - 5 meat rations
 v - 2 fruits
 D - 2 royal jellies


   Skills:
 + Level 7.2 Fighting
 - Level 10.5 Long Blades
 + Level 13.0 Armour
 + Level 12.6 Shields
 - Level 6.0 Invocations


You had 10 spell levels left.
You didn't know any spells.

Dungeon Overview and Level Annotations

Branches:
Dungeon (12/15)            Temple (1/1) D:6            Lair (0/8) D:8
    Orc (0/4) D:10

Altars:
Ashenzari
Cheibriados
Dithmenos
Elyvilon
Fedhas
Gozag
Kikubaaqudgha
Makhleb
Nemelex Xobeh
Okawaru
Qazlal
Ru
Sif Muna
Trog
Vehumet
Xom
Yredelemnul
Zin
The Shining One

Shops:
D:9 [

Annotations:
D:12 Psyche


Innate Abilities, Weirdness & Mutations

You reflexively headbutt those who attack you in melee.
You have a pair of large horns on your head.
Your mind is acute. (Int +2)


Message History

All of the chunks of flesh in your inventory have rotted away.
You start resting.
You are feeling hungry.
You start resting.
An electric eel is nearby!
An electric eel is nearby!
The centaur warrior shouts!
The centaur warrior wields a glowing shortbow.
The centaur warrior shoots an arrow.
The arrow hits you!
* * * LOW HITPOINT WARNING * * *
The centaur warrior shoots an arrow.
You block the arrow.
You see here an arrow.
A shadow imp comes into view.
The centaur warrior shoots an arrow.
The arrow hits you!
* * * LOW HITPOINT WARNING * * *
You see here an arrow.
The centaur warrior shoots an arrow.
The arrow hits you but does no damage.
You see here an arrow.
The centaur warrior shoots an arrow.
The arrow hits you!
You die...

............
###....c.....# . .
'............+ . .
..#............#.# ...
.........#....# .#....
.....##..#....##.#....
.............$........
.......@.((...........
.....##.(##+##...#.#..
... #5.##........... ≈
#..##.##.#......
.....≈......≈≈≈≈≈#
≈..≈≈≈≈≈≈≈≈≈≈≈;≈≈≈≈
.≈≈≈≈≈≈≈≈≈≈≈≈≈..≈≈≈≈
#..≈≈≈≈≈.≈≈≈≈≈≈.....≈
#...≈.≈≈..≈≈.##.#...#


You could see a centaur warrior and a shadow imp.

Vanquished Creatures
  Snorg (D:10)
  Josephine (D:10)
  Fannar (D:11)
  Nergalle (D:11)
  A hill giant (D:11)
  Pikel (D:8)
  An ugly thing (D:11)
  A komodo dragon (D:8)
  3 water elementals (D:12)
  3 wraiths
  A hippogriff (D:11)
  A basilisk (D:9)
  A steam dragon (D:8)
  Menkaure (D:7)
  A hungry ghost (D:8)
  A soldier ant (D:11)
  3 vampire mosquitoes (D:12)
  4 orc warriors
  A phantom (D:5)
  5 black bears
  7 centaurs
  6 ice beasts
  2 eyes of draining
  8 ogres
  A crocodile (D:8)
  Blork the orc (D:6)
  4 big kobolds
  4 giant frogs
  5 scorpions
  12 wights
  2 water moccasin skeletons
  22 killer bees
  2 orc priests (D:5)
  A giant frog zombie (D:7)
  3 centaur skeletons
  4 crimson imps
  5 hounds
  7 iguanas
  3 jellies
  2 giant frog skeletons
  5 orc wizards
  7 worker ants
  A hound skeleton (D:11)
  Robin (D:2)
  15 adders
  A worker ant zombie (D:11)
  2 river rats
  2 shadow imps
  An ooze (D:2)
  An adder zombie (D:7)
  An adder skeleton (D:7)
  4 worms
  12 giant geckos
  32 orcs
  7 giant cockroaches
  16 goblins
  16 hobgoblins
  16 kobolds
  4 quokkas
  10 bats
  7 giant newts
  7 jackals
  2 jackal skeletons (D:7)
  A quokka skeleton (D:7)
  9 rats
314 creatures vanquished.

Vanquished Creatures (others)
  3 slaves (D:8)
  A giant frog (D:8)
  A crimson imp (D:8)
  A giant frog zombie (D:8)
  A worker ant (D:8)
  A giant gecko (D:8)
8 creatures vanquished.

Grand Total: 322 creatures vanquished

Notes
Turn   | Place    | Note
--------------------------------------------------------------
     0 | D:1      | KambridgeKobold the Minotaur Fighter began the quest for the Orb.
     0 | D:1      | Reached XP level 1. HP: 19/19 MP: 0/0
   351 | D:1      | Reached XP level 2. HP: 27/27 MP: 1/1
   386 | D:1      | Reached skill level 4 in Armour
   673 | D:1      | Reached XP level 3. HP: 29/33 MP: 2/2
   803 | D:1      | Found a sparkling altar of Nemelex Xobeh.
  1015 | D:2      | Found an opulent altar of Gozag.
  1177 | D:2      | Noticed Robin
  1210 | D:2      | Killed Robin
  1210 | D:2      | Reached XP level 4. HP: 29/40 MP: 3/3
  1302 | D:2      | Found a faded altar to an unknown god.
  1313 | D:2      | Became a worshipper of Sif Muna the Loreminder
  1313 | D:2      | Acquired Sif Muna's first power
  1496 | D:2      | Found a basalt altar of Yredelemnul.
  1977 | D:3      | Reached skill level 5 in Shields
  2121 | D:3      | Reached XP level 5. HP: 46/46 MP: 4/4
  2345 | D:3      | Found a shadowy altar of Dithmenos.
  2568 | D:4      | Gained mutation: You have a pair of large horns on your head. [potion of beneficial mutation]
  2685 | D:4      | Noticed an ogre
  2690 | D:4      | Killed an ogre
  2690 | D:4      | Reached skill level 5 in Long Blades
  2690 | D:4      | Reached skill level 5 in Armour
  2754 | D:4      | Reached XP level 6. HP: 35/52 MP: 5/5
  2800 | D:4      | Found an iron altar of Okawaru.
  2805 | D:4      | Fell from the grace of Sif Muna
  2805 | D:4      | Became a worshipper of Warmaster Okawaru
  2971 | D:4      | Reached skill level 6 in Long Blades
  2979 | D:4      | Found a sacrificial altar of Ru.
  3174 | D:4      | Found a glowing drain.
  3178 | Sewer    | Entered a sewer
  3269 | Sewer    | Reached XP level 7. HP: 57/59 MP: 6/6
  3305 | Sewer    | Found a white marble altar of Elyvilon.
  3699 | D:4      | Found a shimmering altar of Xom.
  3983 | D:5      | Entered Level 5 of the Dungeon
  4074 | D:5      | Reached skill level 7 in Long Blades
  4152 | D:5      | Acquired Okawaru's first power
  5048 | D:6      | Noticed Blork the orc
  5055 | D:6      | Killed Blork the orc
  5055 | D:6      | Reached skill level 8 in Long Blades
  5055 | D:6      | Reached XP level 8. HP: 57/66 MP: 7/7
  5102 | D:6      | Found a bloodstained altar of Trog.
  5322 | D:6      | Found a staircase to the Ecumenical Temple.
  5355 | Temple   | Entered the Ecumenical Temple
  5501 | D:6      | Reached skill level 9 in Long Blades
  5850 | D:6      | Reached skill level 5 in Fighting
  5894 | D:6      | Reached XP level 9. HP: 74/74 MP: 8/8
  6017 | D:6      | Reached skill level 10 in Long Blades
  6151 | D:7      | Noticed Menkaure
  6162 | D:7      | Killed Menkaure
  7141 | D:8      | Noticed Pikel
  7153 | D:8      | Killed Pikel
  7153 | D:8      | Reached skill level 10 in Armour
  7394 | D:8      | Noticed a komodo dragon
  7404 | D:8      | Killed a komodo dragon
  7404 | D:8      | Reached XP level 10. HP: 74/83 MP: 9/9
  7760 | D:8      | Found a staircase to the Lair.
  7814 | D:8      | Found a burning altar of Makhleb.
  7819 | D:8      | Found a radiant altar of Vehumet.
  7869 | D:8      | Reached skill level 10 in Shields
  7915 | D:8      | Reached skill level 1 in Invocations
  8579 | D:9      | Found a snail-covered altar of Cheibriados.
  8593 | D:9      | Reached skill level 11 in Armour
  8703 | D:9      | Acquired Okawaru's second power
  9035 | D:9      | Found a glowing golden altar of the Shining One.
  9072 | D:9      | Found Huprough's Antique Armour Shop.
  9095 | D:9      | Bought a pair of runed boots for 99 gold pieces
  9105 | D:9      | Identified a +2 pair of boots of running (You bought it in a shop on level 9 of the Dungeon)
  9223 | D:10     | Entered Level 10 of the Dungeon
  9231 | D:10     | Got a transparent plate armour
  9242 | D:10     | Identified the cursed +0 plate armour of Naam {rPois Str+3} (You found it on level 10 of the Dungeon)
  9390 | D:10     | Noticed Snorg
  9410 | D:10     | Killed Snorg
  9410 | D:10     | Received a gift from Okawaru
  9646 | D:10     | Reached XP level 11. HP: 79/89 MP: 13/13
  9659 | D:10     | Was forgiven by Sif Muna
  9696 | D:10     | Found a staircase to the Orcish Mines.
  9717 | D:10     | Noticed Josephine
  9737 | D:10     | Killed Josephine
  9737 | D:10     | Reached skill level 12 in Armour
  9737 | D:10     | Reached skill level 5 in Invocations
 10139 | D:11     | Noticed Nergalle
 10151 | D:11     | Killed Nergalle
 10433 | D:11     | Noticed a hill giant
 10442 | D:11     | Killed a hill giant
 10576 | D:11     | Noticed Fannar
 10614 | D:11     | Killed Fannar
 10924 | D:11     | Found a basalt altar of Yredelemnul.
 11686 | D:12     | Noticed Psyche
 11727 | D:12     | Reached skill level 13 in Armour
 11737 | D:12     | Gained mutation: Your mind is acute. (Int +2) [potion of beneficial mutation]
 11768 | D:12     | Noticed a centaur warrior
 11856 | D:12     | Shot with an arrow by a centaur warrior

Vault maps used:
D:1:      ncdulo_smallfort, nemelex_xobeh_ov_fountains_minmay
D:2:      old_standard_altar, lemuel_doored_altar, ecumenical_altar_1,
          minmay_misc_feat_four_crosses, uniq_robin
D:3:      nicolae_overflow_hidden_temple, first_bread, supply_closet_lemuel
D:4:      kennysheep_mini_moat, lemuel_round_altar,
          nicolae_ru_great_annihilating_truth, gup_sewer_entry_spiral
D:6:      minmay_temple_entry_grid, hangedman_decor_opposing,
          trog_ov_bears_minmay, uniq_blork_the_orc
D:7:      uniq_menkaure
D:8:      grunt_temple_overflow_lords_of_destruction, erik_lair_dragon,
          uniq_pikel
D:9:      overflow_temple_1_default, tso_metal_star, serial_shops, shop
D:10:     orc_0_dummy, uniq_josephine, uniq_snorg
D:11:     basic_altar, uniq_nergalle, uniq_fannar
D:12:     uniq_psyche
Temple:   circular_temple_pool_8
Sewer:    sewer_kobolds

Action                   |  1- 3 |  4- 6 |  7- 9 | 10-12 || total
-------------------------+-------+-------+-------+-------++-------
Melee: Long sword        |    73 |       |    75 |       ||   148
       Falchion          |    39 |   192 |   265 |   591 ||  1087
       Scimitar          |       |       |       |    32 ||    32
Throw: Tomahawk          |       |       |     1 |     1 ||     2
Invok: Heroism           |       |       |       |     3 ||     3
       Finesse           |       |       |       |     1 ||     1
  Use: Scroll            |       |     7 |     1 |     7 ||    15
       Potion            |       |     1 |     6 |     3 ||    10
 Stab: Paralysed         |       |     1 |       |       ||     1
  Eat: Chunk             |     1 |     7 |     9 |    14 ||    31
       Meat ration       |       |       |     1 |       ||     1
       Fruit             |       |       |       |     1 ||     1
